 Dungeon Crawl Stone Soup version 0.32-a0-868-g153ae1a8d6 (webtiles) character file.

Game seed: 15628538512500187301

5880 petete the Skirmisher (level 10, -3/74 HPs)
             Began as a Coglin Hexslinger on Feb 18, 2024.
             Was a Priest of Okawaru.
             Slain by a fire elemental (10 damage)
             ... on level 9 of the Dungeon on Mar 28, 2024.
             The game lasted 00:52:52 (10135 turns).

petete the Skirmisher (Coglin Hexslinger)          Turns: 10135, Time: 00:52:52

Health: -3/74      AC:  4    Str:  8    XL:     10   Next: 81%
Magic:  12/14      EV: 13    Int: 16    God:    Okawaru [***...]
Gold:   622        SH:  0    Dex: 18    Spells: 9/15 levels left

rFire   . . .        a - +1 sling {Teicuih}
rCold   . . .        b - +0 sling {Yeongsuk}
rNeg    . . .        B - +0 robe {Will+}
rPois   .            (no helmet)
rElec   .            t - +0 cloak
rCorr   .            (no gloves)
SInv    .            y - +0 pair of boots
Will    .....        (amulet unavailable)
Stlth   +++          (ring unavailable)
HPRegen 0.32/turn    (ring unavailable)
MPRegen 0.14/turn    (no gizmo)

%: no passive effects
@: weak-willed, revved
A: off-hand wielding, slow wielding, warmup strikes, no jewellery
a: Invent Gizmo, Renounce Religion, Heroism


You were on level 9 of the Dungeon.
You worshipped Okawaru.
Okawaru was most pleased with you.
You visited 2 branches of the dungeon, and saw 10 of its levels.
You also visited: Sewer.

You collected 622 gold pieces.

Inventory:

Hand Weapons
 a - a +1 sling (weapon) {Teicuih}
 b - a +0 sling (offhand) {Yeongsuk}
 o - the +4 short sword "Teipyvask" {speed, rPois rC+ Str+3 Dex-3}
   (You found it on level 2 of the Dungeon)

   Str+3:     It affects your strength (+3).
   Dex-3:     It affects your dexterity (-3).
   rC+:       It protects you from cold.
   rPois:     It protects you from poison.
Missiles
 z - 2 curare-tipped darts
Armour
 j - the +0 leather armour "Nyeneq" {*Corrode rElec Int+6}
   (You found it on level 6 of the Dungeon)

   Int+6:     It affects your intelligence (+6).
   rElec:     It insulates you from electricity.
   *Corrode:  It may corrode you when you take damage.
 l - a +0 leather armour
 t - a +0 cloak (worn)
 y - a +0 pair of boots (worn)
 B - a +0 robe of willpower (worn)
 E - a +2 ring mail of fire resistance
Magical Staves
 d - a staff of air
 n - a staff of alchemy
Talismans
 K - a flux talisman
Wands
 C - a wand of digging (3)
 D - a wand of polymorph (3)
 I - a wand of roots (12)
 M - a wand of flame (11)
Scrolls
 f - 2 scrolls of vulnerability
 h - 2 scrolls of brand weapon {unknown}
 i - 3 scrolls of poison
 p - 4 scrolls of blinking {unknown}
 s - 2 scrolls of noise {unknown}
 u - 2 scrolls of identify
 w - 4 scrolls of enchant weapon {unknown}
 x - 4 scrolls of teleportation {unknown}
 A - 2 scrolls of fear {unknown}
 J - a scroll of enchant armour {unknown}
 L - a scroll of fog {unknown}
Potions
 c - a potion of might
 e - 3 potions of lignification {unknown}
 g - 2 potions of mutation
 k - 3 potions of curing
 m - a potion of attraction {unknown}
 q - 3 potions of brilliance
 r - 4 potions of cancellation
 v - 3 potions of ambrosia {unknown}
 F - 2 potions of magic
 G - 2 potions of invisibility {unknown}
 H - a potion of heal wounds
 N - a potion of berserk rage


   Skills:
 - Level 5.0 Fighting
 + Level 8.5 Ranged Weapons
 - Level 4.0 Dodging
 - Level 4.1 Stealth
 - Level 3.2 Spellcasting
 + Level 8.4 Hexes
 - Level 0.8 Fire Magic
 - Level 3.2 Invocations


You had 9 spell levels left.
You knew the following spells:

 Your Spells              Type           Power      Damage    Failure   Level
a - Jinxbite              Hex            58%        N/A       1%          2
b - Cause Fear            Hex            14%        N/A       6%          4

Your spell library contained the following spells:

 Spells                   Type           Power      Damage    Failure   Level
 Sigil of Binding         Hex            29%        N/A       1%          3
 Ensorcelled Hibernation  Hex/Ice        32%        N/A       4%          2
 Inner Flame              Hex/Fire       17%        N/A       9%          3
 Sandblast                Erth           4%         2d4       19%         1
 Dimensional Bullseye     Hex/Tloc       8%         N/A       32%         4
 Passwall                 Erth           2%         N/A       50%         3
 Stone Arrow              Conj/Erth      4%         3d7       50%         3
 Swiftness                Air            2%         N/A       50%         3
 Brom's Barrelling Bould  Conj/Erth      2%         2d3       88%         4
 Leda's Liquefaction      Alch/Erth      1%         N/A       88%         4
 Borgnjor's Vile Clutch   Necr/Erth      1%         N/A       99%         5
 Fireball                 Conj/Fire      1%         3d3       99%         5
 Iskenderun's Battlesphe  Conj           2%         2d6       99%         5
 Lee's Rapid Deconstruct  Erth           1%         3d4*      99%         5
 Bombard                  Conj/Erth      1%         9d1       100%        6
 Conjure Ball Lightning   Conj/Air       1%         3x3d6     100%        6
 Orb of Destruction       Conj           1%         9d5       100%        7
 Lehudib's Crystal Spear  Conj/Erth      1%         10d2      100%        8
 Call Canine Familiar     Summ           Unusable   N/A       N/A         3
 Animate Armour           Summ/Erth      Unusable   N/A       N/A         4
 Animate Dead             Necr           Unusable   N/A       N/A         4
 Death Channel            Necr           Unusable   N/A       N/A         6

Dungeon Overview and Level Annotations

Branches:
Dungeon (9/15)             Temple (1/1) D:7             Orc (0/2) D:9
  Sewer (visited)
   Lair: D:8-11

Altars:
Ashenzari
Cheibriados
Dithmenos
Elyvilon
Fedhas
Gozag
Hepliaklqana
Kikubaaqudgha
Makhleb
Nemelex Xobeh
Okawaru
Qazlal
Ru
Sif Muna
Trog
Uskayaw
Vehumet
Wu Jian
Xom
Yredelemnul
Zin
The Shining One

Shops:
D:5 ::   D:7 :

Annotations:
D:4 3 runed translucent doors, ragingrage's ghost, amateur MDRe
D:5 1 runed translucent door, Crazy Yiuf


Innate Abilities, Weirdness & Mutations

You can wield a second weapon in your off-hand.
It takes a long time for you to wield or remove held weapons.
Your first few attacks do less damage.
You cannot equip rings or amulets.


Message History

The sling bullet barely misses the fire elemental.
You shoot a sling bullet.
The sling bullet hits the fire elemental but does no damage.
The fire elemental is moderately damaged.
The fire elemental hits you. The fire elemental burns you!
The fire elemental hits you. The fire elemental burns you!
You shoot a sling bullet.
The sling bullet barely misses the fire elemental.
You shoot a sling bullet.
The sling bullet closely misses the fire elemental.
The fire elemental hits you. The fire elemental burns you!
Unknown command.
You shoot a sling bullet.
The sling bullet hits the fire elemental but does no damage.
The fire elemental is moderately damaged.
You shoot a sling bullet.
The sling bullet misses the fire elemental.
The sprites lose interest in your situation.
The fire elemental hits you. The fire elemental burns you!
Press: ? - help, v - describe, . - travel
Here: a fire elemental (moderately damaged)
The floor, spattered with blood.
You shoot a sling bullet.
The sling bullet hits the fire elemental!
The fire elemental is heavily damaged.
You shoot a sling bullet.
The sling bullet hits the fire elemental but does no damage.
The fire elemental is heavily damaged.
The fire elemental hits you. The fire elemental burns you!
* * * LOW HITPOINT WARNING * * *
You shoot a sling bullet.
The sling bullet hits the fire elemental!
The fire elemental is severely damaged.
You shoot a sling bullet.
The sling bullet hits the fire elemental.
The fire elemental is severely damaged.
The fire elemental hits you. The fire elemental burns you!
* * * LOW HITPOINT WARNING * * *
The fire elemental hits you. The fire elemental burns you!
You die...

##################
#.....@E.........#
#.########'#####.#
#######.# ○##
........# ..
#####...# b≈. #
#....# §≈≈. #
##...# °.§≈. #
##.## |#..≈. # #.#


You could see a fire elemental.

Vanquished Creatures
  Sigmund (D:4)
  2 wraiths (D:9)
  Grum (D:8)
  A steam dragon (D:4)
  3 fire bats (D:9)
  10 yaks (D:8)
  Edmund (D:4)
  An orc warrior (D:9)
  An ice beast (D:7)
  An ogre (D:5)
  3 wolves (D:8)
  A crocodile (Sewer)
  2 centaurs
  A phantom (D:4)
  2 kobold brigands
  4 bullfrogs
  7 scorpions
  3 killer bees (D:9)
  6 howler monkeys
  2 bombardier beetles (D:4)
  2 jellies (D:7)
  2 orc priests
  A gnoll bouda (D:7)
  5 hounds
  3 sleepcaps
  4 iguanas
  6 orc wizards
  11 gnolls
  8 adders
  2 white imps
  5 ufetubi
  4 dart slugs
  6 ribbon worms
  19 orcs
  10 endoplasms
  19 giant cockroaches
  6 goblins
  9 hobgoblins
  2 quokkas
  11 ball pythons
  2 bats
  A frilled lizard (D:3)
  17 kobolds
  8 rats
216 creatures vanquished.

Notes
Turn   | Place    | Note
-------+----------+-------------------------------------------
     0 | D:1      | petete the Coglin Hexslinger began the quest for the Orb.
     0 | D:1      | Reached XP level 1. HP: 15/15 MP: 2/2
   261 | D:1      | Reached XP level 2. HP: 21/21 MP: 3/3
   264 | D:1      | Learned a level 2 spell: Jinxbite
   379 | D:1      | Found a faded altar of an unknown god.
   742 | D:2      | You fall into a shaft and drop 2 floors!
   840 | D:3      | Reached XP level 3. HP: 24/26 MP: 4/4
  1163 | D:2      | Reached XP level 4. HP: 32/32 MP: 2/5
  1648 | D:2      | Identified the +4 short sword "Teipyvask" {speed, rPois rC+
                  | Str+3 Dex-3}
  2151 | D:3      | Reached XP level 5. HP: 38/38 MP: 6/6
  2978 | D:4      | Noticed a steam dragon
  2981 | D:4      | Reached XP level 6. HP: 42/44 MP: 4/7
  2986 | D:4      | Killed a steam dragon
  2995 | D:4      | HP: 1/44 [poisoned by a kobold]
  3148 | D:4      | Reached XP level 7. HP: 48/50 MP: 8/10
  3198 | D:4      | Reached skill level 5 in Hexes
  3477 | D:4      | Found a glowing golden altar of the Shining One.
  3477 | D:4      | Found an opulent altar of Gozag.
  3483 | D:4      | Found a burning altar of Makhleb.
  3486 | D:4      | Found an ornate altar of the Wu Jian Council.
  3488 | D:4      | Found an ancient bone altar of Kikubaaqudgha.
  3495 | D:4      | Found an iron altar of Okawaru.
  3495 | D:4      | Noticed Sigmund
  3557 | D:4      | Found a runed translucent gate.
  3557 | D:4      | Found a runed translucent gate.
  3559 | D:4      | Found a runed translucent gate.
  3566 | D:4      | Noticed ragingrage's ghost (amateur MDRe)
  3603 | D:4      | Reached skill level 5 in Ranged Weapons
  3656 | D:4      | Learned a level 4 spell: Cause Fear
  4345 | D:4      | Killed Sigmund
  4346 | D:4      | Reached XP level 8. HP: 43/58 MP: 7/11
  4353 | D:4      | Became a worshipper of Warmaster Okawaru
  4427 | D:5      | Entered Level 5 of the Dungeon
  4526 | D:5      | Found a runed translucent door.
  4527 | D:5      | Noticed Crazy Yiuf
  4572 | D:5      | Noticed Edmund
  4715 | D:5      | Found Inisken's Book Emporium.
  4818 | D:5      | Found Cusy's Book Shop.
  5043 | D:5      | Reached skill level 1 in Invocations
  5339 | D:5      | Reached * piety under Okawaru
  5400 | D:4      | Killed Edmund
  5401 | D:4      | Reached skill level 1 in Stealth
  5934 | D:6      | Reached XP level 9. HP: 49/58 MP: 10/12
  5995 | D:6      | Found a glowing drain.
  6010 | Sewer    | Entered a sewer
  6682 | D:6      | Identified the +0 leather armour "Nyeneq" {*Corrode rElec
                  | Int+6}
  6903 | D:7      | Found Voveq's Book Shop.
  6978 | D:7      | Found a staircase to the Ecumenical Temple.
  6983 | D:7      | Upgraded the game from 0.32-a0-361-g289a535e89 to
                  | 0.32-a0-868-g153ae1a8d6
  7104 | Temple   | Entered the Ecumenical Temple
  8500 | D:8      | Reached ** piety under Okawaru
  8512 | D:8      | Reached XP level 10. HP: 45/71 MP: 1/14
  8980 | D:8      | Noticed Grum
  8990 | D:8      | Killed Grum
  8990 | D:8      | Reached *** piety under Okawaru
  9527 | D:9      | Found a staircase to the Orcish Mines.
  9679 | D:9      | Found a blossoming altar of Fedhas.
  9981 | D:9      | Reached skill level 5 in Fighting
 10135 | D:9      | Slain by a fire elemental

Illustrated notes

Levels and vault maps discovered:
D:1:      dpeg_arrival_tiny_a, layout_basic, shapermc_ecumenical_altar_venn,
          grunt_decor_mini_mirrors, serial_bayou_pond_a,
          minmay_misc_feat_enclosed, serial_bayou_ford_a
D:2:      minmay_roachtagon, layout_loops_ring, serial_co_window_serial,
          co_window_paths_b, co_window_paths_b, co_window_paths_a,
          co_window_corner_a, co_window_of_opportunity_a, co_window_corner_b,
          co_window_corner_b, co_window_of_opportunity_c, co_window_cross_4,
          co_window_broadway_a, co_window_paths_e, co_window_paths_d,
          glass_columns_a, glass_columns_a
D:3:      layout_basic, columned_hall_lemuel
D:4:      cheibrodos_barr_body, layout_loops_ring,
          nicolae_overflow_hallway_of_the_gods, gammafunk_ghost_split,
          uniq_sigmund
D:5:      wad_river_or_something, layout_basic, serial_shops, shop,
          nicolae_diamond_shop, uniq_edmund, uniq_crazy_yiuf_cottage
D:6:      layout_loops_ring, portal_sewer_entry_a
D:7:      layout_basic, minmay_temple_entry_offerings, serial_shops, shop,
          nrook_loot_triangle
D:8:      layout_basic, serial_glass, glass_columns_b, glass_columns_a,
          uniq_grum
D:9:      layout_loops_corners, mainiacjoe_overflow_small_starburst,
          orc_0_dummy, roderic_roman_lattice, reono_crystal_passage,
          hangedman_incinerator
Temple:   hellmonk_temple_two_chambers

Skill      XL: |  1  2  3  4  5  6  7  8  9 10 |
---------------+-------------------------------+-----
Ranged Weapons | 2 3 4 5 6 7 8 |  8.5
Hexes          | 3 4 5 6 7 8 |  8.4
Dodging        | 2 3 4 |  4.0
Fighting       | 2 3 4 5 |  5.0
Spellcasting   | 2 3 |  3.2
Invocations    | 2 3 |  3.2
Stealth        | 2 3 4 |  4.1
Fire Magic     | |  0.8

Action                     |  1- 3 |  4- 6 |  7- 9 | 10-12 || total
---------------------------+-------+-------+-------+-------++-------
   Fire: Sling             |   109 |   220 |   546 |   210 ||  1085
   Cast: Jinxbite          |     4 |     8 |    51 |    24 ||    87
         Cause Fear        |       |       |     2 |       ||     2
 Invoke: Heroism           |       |       |     1 |     1 ||     2
    Use: Scroll            |       |     5 |     6 |       ||    11
         Potion            |       |     1 |     1 |       ||     2
 Armour: Robe              |    20 |    36 |    74 |    48 ||   178
         Leather armour    |       |       |    16 |       ||    16
         Skin              |       |       |    13 |       ||    13
  Dodge: Dodged            |    21 |    36 |    96 |    47 ||   200

Table legend: (Time is in decaauts)
 A = Elapsed time spent in this place.
 B = Non-inter-level travel time spent in this place.
 C = Inter-level travel time spent in this place.
 D = Time resting spent in this place.
 E = Time spent auto-exploring this place.
 F = Levels seen in this place.
 G = Mean time per level.
                   A        B        C        D        E       F      G
               +--------+--------+--------+--------+--------+-----+--------+
         Total |  10542 |  10188 |    354 |    366 |   8298 |  11 |  958.4 |
       Dungeon |  10133 |   9779 |    354 |    366 |   8008 |   9 | 1125.9 |
        Temple |      1 |      1 |      0 |      0 |      0 |   1 |    1.0 |
         Sewer |    406 |    406 |      0 |      0 |    289 |   1 |  406.0 |
               +--------+--------+--------+--------+--------+-----+--------+

Top non-repeatable levels by time:
     D:4: 1951 daAuts
     D:5: 1438 daAuts
     D:2: 1340 daAuts
     D:7: 1293 daAuts
     D:8: 1143 daAuts
     D:9: 805 daAuts
     D:1: 742 daAuts
     D:3: 735 daAuts
     D:6: 683 daAuts
   Sewer: 406 daAuts
  Temple: 1 daAuts
